 Dungeon Crawl Stone Soup version 0.26-a0-491-g70697cc071 (webtiles) character file.

Game seed: 14483269150786656922

30 ANON1729 the Sneak (level 3, 0/34 HPs)
             Began as a Naga Delver on Aug 5, 2020.
             Slain by a gnoll
             ... wielding a +0 spear
              (4 damage)
             ... on level 4 of the Dungeon.
             The game lasted 00:02:14 (630 turns).

ANON1729 the Sneak (Naga Delver)                     Turns: 630, Time: 00:02:15

Health: 0/34       AC:  2    Str: 14    XL:     3   Next: 20%
Magic:  3/3        EV: 10    Int: 10    God:
Gold:   4          SH:  0    Dex: 13    Spells: 2/2 levels left

rFire    . . .     SeeInvis +   a - +0 falchion
rCold    . . .     Faith    .   (no shield)
rNeg     . . .     Spirit   .   b - +0 leather armour
rPois    +         Reflect  .   (no helmet)
rElec    .         Harm     .   (no cloak)
rCorr    .                      (no gloves)
MR       .....                  (no barding)
Stlth    +++.......             (no amulet)
HPRegen  0.11/turn              (no ring)
MPRegen  0.08/turn              (no ring)

@: very slow
A: large, see invisible, deformed body, poison resistance, slowness 2, spit
poison 1, AC +1
a: Spit Poison


You were on level 4 of the Dungeon.
You visited 1 branch of the dungeon, and saw 2 of its levels.

You collected 4 gold pieces.

Inventory:

Hand Weapons
 a - a +0 falchion (weapon)
Missiles
 h - 6 boomerangs (quivered)
Armour
 b - a +0 leather armour (worn)
Wands
 g - a wand of digging (3)
Scrolls
 c - a scroll of fog
 d - a scroll of magic mapping
 e - a scroll of fear
 f - a scroll of remove curse {unknown}


   Skills:
 + Level 3.2 Fighting
 * Level 2.6 Long Blades
 + Level 1.9 Dodging
 + Level 7.6 Stealth


You had 2 spell levels left.
You didn't know any spells.
Your spell library was empty.

Dungeon Overview and Level Annotations

Branches:
Dungeon (5/15)
 Temple: D:4-7

Altars:


Innate Abilities, Weirdness & Mutations

You cannot wear boots.
Your serpentine skin is tough. (AC +1)
You have supernaturally acute eyesight. (SInv)
Armour fits poorly on your strangely shaped body.
Your system is resistant to poisons. (rPois)
You cover ground very slowly.
You can spit poison.


Message History

The adder is moderately wounded.
The gnoll hits you from afar with a +0 spear!
* * * LOW HITPOINT WARNING * * *
Throwing (i - inventory)
h - 6 boomerangs (quivered)
Press: ? - help, Shift-Dir - straight line, f/p - gnoll
Aim: a gnoll, wielding a +0 spear (severely wounded)
You throw a boomerang.
The boomerang hits the gnoll but does no damage.
The gnoll is severely wounded.
The gnoll barely misses you.
Okay, then.
Throwing (i - inventory)
h - 6 boomerangs (quivered)
Press: ? - help, Shift-Dir - straight line, f/p - gnoll
Aim: a gnoll, wielding a +0 spear (severely wounded)
You throw a boomerang. The boomerang barely misses the gnoll.
The boomerang hits the adder but does no damage.
The adder is moderately wounded.
You have got your breath back.
The gnoll hits you from afar with a +0 spear.
You die...

##.## ##...##
...##.....#####
...............
S..##.#.####### #
#S# #g# #.# #@#
#.# ######## #.#
#......# #.#
#.####.#
#.#########.####.#
#.#....†.......#.#
#...#######.##.#.#
#..## #......#
#...# ##.#.#.#


You could see a gnoll and an adder.

Vanquished Creatures
  A worker ant (D:4)
  An ufetubus (D:5)
  An orc (D:5)
3 creatures vanquished.

Notes
Turn   | Place    | Note
-------+----------+-------------------------------------------
     0 | D:5      | ANON1729 the Naga Delver began the quest for the Orb.
     0 | D:5      | Reached XP level 1. HP: 21/21 MP: 1/1
    41 | D:5      | Reached XP level 2. HP: 15/28 MP: 2/2
   257 | D:5      | HP: 1/28 [shadow imp (3)]
   594 | D:4      | Reached XP level 3. HP: 34/34 MP: 3/3
   630 | D:4      | Slain by a gnoll

Illustrated notes

Levels and vault maps discovered:
D:4:      minmay_door_path, layout_loops_corners, uniq_ijyb, uniq_pikel
D:5:      layout_loops_corners, uniq_eustachio

Action                   || total
-------------------------++-------
Melee: Falchion          ||     5
Throw: Boomerang         ||    23
 Abil: Spit Poison       ||     5
  Use: Potion            ||     1
Armor: Leather armour    ||     5
Dodge: Dodged            ||    10

Table legend: (Time is in decaauts)
 A = Elapsed time spent in this place.
 B = Non-inter-level travel time spent in this place.
 C = Inter-level travel time spent in this place.
 D = Time resting spent in this place.
 E = Time spent auto-exploring this place.
 F = Levels seen in this place.
 G = Mean time per level.
                   A        B        C        D        E       F      G
               +--------+--------+--------+--------+--------+-----+--------+
         Total |    680 |    680 |      0 |    439 |    150 |   2 |  340.0 |
       Dungeon |    680 |    680 |      0 |    439 |    150 |   2 |  340.0 |
               +--------+--------+--------+--------+--------+-----+--------+

Top non-repeatable levels by time:
     D:4: 378 daAuts
     D:5: 302 daAuts
